 Dungeon Crawl Stone Soup version 0.29.0-15-g675c0067aa (webtiles) character file.

Game seed: 13751633902208138277

32 qw the Sneak (level 3, -2/23 HPs)
             Began as a Gargoyle Delver on Sept 11, 2022.
             Slain by a black bear (3 damage)
             ... on level 4 of the Dungeon.
             The game lasted 00:00:09 (387 turns).

qw the Sneak (Gargoyle Delver)                       Turns: 387, Time: 00:00:10

Health: -2/23      AC:  6    Str: 17    XL:     3   Next: 25%
Magic:  3/3        EV: 11    Int: 10    God:
Gold:   0          SH:  0    Dex: 11    Spells: 2/2 levels left

rFire   . . .      SeeInvis .   a - +0 hand axe
rCold   . . .      Faith    .   (no shield)
rNeg    + . .      Spirit   .   b - +0 leather armour
rPois   inf        Reflect  .   (no helmet)
rElec   +          Harm     .   (no cloak)
rCorr   .          Rampage  .   (no gloves)
Will    .....                   (no boots)
Stlth   +++.......              (no amulet)
HPRegen 0.07/turn               (no ring)
MPRegen 0.08/turn               (no ring)

@: no status effects
A: sickness immunity, AC +3, negative energy resistance 1, electricity
resistance, torment resistance 1, petrification resistance
a: no special abilities


You were on level 4 of the Dungeon.
You visited 1 branch of the dungeon, and saw 2 of its levels.


Innate Abilities, Weirdness & Mutations

You are immune to sickness and miasma.
Your stone body is resilient. (AC +3)
You are immune to poison.
You resist negative energy. (rN+)
You are resistant to electric shocks. (rElec)
You are resistant to unholy torment.
You are immune to petrification.


   Skills:
 - Level 3.2 Fighting
 + Level 3.2 Axes
 - Level 1.5 Dodging
 - Level 5.4 Stealth


You had 2 spell levels left.
You didn't know any spells.
Your spell library was empty.

Inventory:

Hand Weapons
 a - a +0 hand axe (weapon)
Armour
 b - a +0 leather armour (worn)
 h - a +0 ring mail
Wands
 g - a wand of digging (3)
Scrolls
 c - a scroll of fog
 d - a scroll of magic mapping
 e - a scroll of fear
Potions
 f - a potion of haste

Dungeon Overview and Level Annotations

Branches:
Dungeon (5/15)
 Temple: D:4-7

Altars:
Kikubaaqudgha


Message History

A quokka comes into view.
A black bear comes into view.
376 ||| Stepping ~*~*~tactically~*~*~ (stealth).
The black bear growls angrily.
Found a robe.
The black bear misses you. The black bear closely misses you.
The black bear claws you but does no damage.
You hit the black bear.
The black bear is moderately wounded.
The black bear bites you. The black bear misses you. The black bear claws you.
You hit the black bear.
The black bear is heavily wounded.
The black bear bites you.
The black bear completely misses you. x2
You hit the black bear but do no damage.
The black bear is heavily wounded.
The black bear closely misses you. x2
The black bear claws you but does no damage.
The black bear bites you. The black bear claws you.
The black bear claws you but does no damage.
You closely miss the black bear.
The black bear is moderately wounded.
The black bear bites you but does no damage.
The black bear closely misses you. The black bear barely misses you.
You hit the black bear.
The black bear is heavily wounded.
The black bear bites you. The black bear closely misses you. x2
You hit the black bear.
The black bear is severely wounded.
The black bear bites you.
The black bear claws you but does no damage.
The black bear claws you.
You hit the black bear.
The black bear is severely wounded.
The black bear bites you but does no damage.
The black bear claws you but does no damage.
The black bear closely misses you.
You hit the black bear.
The black bear is severely wounded.
The black bear bites you.
You die...

......... ........
#.......
########+##....# ##
###......##....###...
Z#._................
##..................
#####...##..........
##...##..@.......
#.)...#...h......
#.....#..........
#.....#....##....
#.....#....# ...
#.....#..... ..
#...>.#.....# .
#.....#....[# #.....#


You could see a black bear.

Vanquished Creatures
  A hound (D:5)
  A hobgoblin (D:4)
  A kobold (D:4)
3 creatures vanquished.

Vanquished Creatures (others)
  A human (D:4)
1 creature vanquished.

Grand Total: 4 creatures vanquished

Notes
Turn   | Place    | Note
-------+----------+-------------------------------------------
     0 | D:5      | qw the Gargoyle Delver began the quest for the Orb.
     0 | D:5      | Reached XP level 1. HP: 14/14 MP: 1/1
     0 | D:5      | 0 ||| qw: Version: 0.1-a-118-gb4e7ce6
     0 | D:5      | 0 ||| qw: Game counter: 10541
     0 | D:5      | 0 ||| qw: Always use a shield: true
     0 | D:5      | 0 ||| qw: God list: Okawaru
     0 | D:5      | 0 ||| qw: Allow faded altars: false
     0 | D:5      | 0 ||| qw: Do Orc after D:15 true
     0 | D:5      | 0 ||| qw: Do second Lair branch before Depths: true
     0 | D:5      | 0 ||| qw: Lair rune preference: random
     0 | D:5      | 0 ||| qw: Plans: Normal
     0 | D:5      | 0 ||| PLANNING D:1-11
    25 | D:5      | Noticed a hound
    36 | D:5      | Killed a hound
    37 | D:5      | Reached skill level 3 in Axes
    37 | D:5      | Reached XP level 2. HP: 10/19 MP: 2/2
    37 | D:5      | Reached XP level 3. HP: 12/23 MP: 3/3
   192 | D:5      | Noticed a scorpion
   193 | D:5      | 193 ||| FLEEEEING.
   194 | D:5      | 194 ||| FLEEEEING.
   195 | D:5      | 195 ||| FLEEEEING.
   196 | D:5      | 196 ||| FLEEEEING.
   200 | D:5      | 200 ||| STAIRDANCE
   203 | D:4      | Found an ancient bone altar of Kikubaaqudgha.
   207 | D:4      | Noticed a human
   208 | D:4      | Killed a human
   219 | D:4      | 219 ||| Stepping ~*~*~tactically~*~*~ (stealth).
   227 | D:4      | 227 ||| Stepping ~*~*~tactically~*~*~ (stealth).
   230 | D:4      | 230 ||| Stepping ~*~*~tactically~*~*~ (stealth).
   231 | D:4      | 231 ||| Stepping ~*~*~tactically~*~*~ (stealth).
   374 | D:4      | Noticed a black bear
   376 | D:4      | 376 ||| Stepping ~*~*~tactically~*~*~ (stealth).
   384 | D:4      | HP: 4/23 [black bear (5)]
   385 | D:4      | HP: 1/23 [black bear (1)]
   387 | D:4      | Slain by a black bear

Levels and vault maps discovered:
D:4:      layout_gridville, lemuel_round_altar, makhleb_heckhound_becter,
          tgw_kikubaaqudgha
D:5:      layout_rooms, doesnt_xom_only_xom, lemuel_temple_firewalk_a,
          gammafunk_ghost_abyssal_escape

Skill      XL: |  1 |
---------------+----+-----
Axes           | 3 |  3.2
Fighting       | |  3.2
Dodging        | |  1.5
Stealth        | |  5.4

Action                   || total
-------------------------++-------
Melee: Hand axe          ||    32
Armor: Leather armour    ||    10
Dodge: Dodged            ||    31

Table legend:
 A = Non-vault XP
 B = Vault XP
 C = Vault XP percentage of total XP
 D = Non-vault monster count
 E = Vault monster count
 F = Vault count percentage of total count
                 A         B        C        D         E       F
            +---------+---------+-------+---------+---------+-------
      Total |      46 |       0 |   0.0 |       3 |       0 |   0.0
            +---------+---------+-------+---------+---------+-------
        D:4 |       4 |       0 |   0.0 |       2 |       0 |   0.0
        D:5 |      42 |       0 |   0.0 |       1 |       0 |   0.0
            +---------+---------+-------+---------+---------+-------
